 Dungeon Crawl Stone Soup version 0.31-a0-1620-gcbf77bbcfc (webtiles) character file.

Game seed: 10972578661706225329

42 Conn the Sneak (level 3, -1/21 HPs)
             Began as an Octopode Fire Elementalist on Jan 11, 2024.
             Slain by Ijyb
             ... wielding a +0 club
              (6 damage)
             ... on level 3 of the Dungeon.
             The game lasted 00:04:26 (1628 turns).

Conn the Sneak (Octopode Fire Elementalist)         Turns: 1628, Time: 00:04:27

Health: -1/21      AC:  1    Str:  7    XL:     3   Next: 56%
Magic:  0/6        EV: 13    Int: 19    God:
Gold:   85         SH:  0    Dex: 12    Spells: 0/6 levels left

rFire   . . .        b - +0 short sword
rCold   . . .        (no shield)
rNeg    . . .        (helmet restricted)
rPois   .            (no amulet)
rElec   .            (no ring)
rCorr   .            (no ring)
SInv    .            (no ring)
Will    .....        (no ring)
Stlth   +++          (no ring)
HPRegen 0.23/turn    (no ring)
MPRegen 0.10/turn    (no ring)
                     (no ring)

%: no passive effects
@: no status effects
A: almost no armour, amphibious, 8 rings, camouflage 1, gelatinous body 1,
(nimble swimmer 1), tentacles
a: no special abilities


You were on level 3 of the Dungeon.
You visited 1 branch of the dungeon, and saw 3 of its levels.

You collected 85 gold pieces.

Inventory:

Hand Weapons
 b - a +0 short sword (weapon)
Scrolls
 e - a scroll of fear {unknown}
 g - a scroll of identify {unknown}
 h - 2 scrolls of silence {unknown}
 j - a scroll of summoning {unknown}
Potions
 a - a potion of magic
 i - a potion of resistance {unknown}


   Skills:
 + Level 2.4 Dodging
 + Level 3.4 Stealth
 + Level 2.3 Spellcasting
 + Level 1.7 Conjurations
 + Level 3.3 Fire Magic


You couldn't memorise any spells.
You knew the following spells:

 Your Spells              Type           Power      Damage    Failure   Level
a - Foxfire               Conj/Fire      44%        2x1d6     6%          1
b - Scorch                Fire           30%        2d6       6%          2
c - Inner Flame           Hex/Fire       8%         N/A       24%         3

Your spell library contained the following spells:

 Spells                   Type           Power      Damage    Failure   Level
 Volatile Blastmotes      Fire/Tloc      16%        2d11      24%         3
 Flame Wave               Conj/Fire      11%        2d6       50%         4


Dungeon Overview and Level Annotations

Branches:
Dungeon (3/15)

Altars:

Shops:
D:2 ?

Annotations:
D:3 Ijyb


Innate Abilities, Weirdness & Mutations

You cannot wear most types of armour.
You are amphibious.
You can wear up to eight rings at the same time.
Your skin changes colour to match your surroundings (Stealth+).
Your rubbery body absorbs attacks. (AC +1, EV +1)
((You are camouflaged when in or above water. (Stealth+)))
You have tentacles for arms and can constrict up to eight enemies at once.


Message History

Ijyb hits you but does no damage.
You closely miss Ijyb.
Ijyb is almost dead.
Ijyb hits you but does no damage.
You hit Ijyb but do no damage.
Ijyb is almost dead.
Ijyb hits you but does no damage.
You closely miss Ijyb.
Ijyb is almost dead.
Ijyb hits you but does no damage.
You hit Ijyb but do no damage.
Ijyb is almost dead.
Ijyb hits you but does no damage.
You barely miss Ijyb.
Ijyb is almost dead.
Ijyb zaps a wand.
Your will is overpowered!
You are confused.
You closely miss Ijyb.
Ijyb is almost dead.
Ijyb hits you but does no damage.
You swing at nothing.
Ijyb hits you but does no damage.
You swing at nothing.
Ijyb hits you but does no damage.
You hit Ijyb but do no damage.
Ijyb is almost dead.
You feel less wooden. Ijyb hits you with a +0 club.
You're too confused to cast spells.
You're too confused to attack without stumbling around!
You're too confused to attack without stumbling around!
You're too confused to attack without stumbling around!
You're too confused to move!
Ijyb hits you with a +0 club.
You're too confused to attack without stumbling around!
You're too confused to move!
You feel less confused. Ijyb hits you with a +0 club.
* * * LOW HITPOINT WARNING * * *
Casting: Foxfire (safe; 6% risk of failure)
Confirm with . or Enter, or press ? or * to list all spells.
You conjure some foxfire!
Ijyb hits you with a +0 club.
You die...

#......####......#
#......##)....##.#
#......##.....##.#
#.................
#......##.....##..
#......##........#
..#######..........#
...................#
.......@v...###....#
......g.v...# ....#
............# ....#
.........####
...#.##### .. #. . #


You could see Ijyb (ally target).

Vanquished Creatures
  A dart slug (D:1)
  3 ball pythons
  2 bats
  7 endoplasms
  3 giant cockroaches
  4 goblins
  2 hobgoblins (D:1)
  4 kobolds
  A quokka (D:2)
  3 frilled lizards
  6 rats
36 creatures vanquished.

Vanquished Creatures (others)
  101 foxfires
101 creatures vanquished.

Grand Total: 137 creatures vanquished

Notes
Turn   | Place    | Note
-------+----------+-------------------------------------------
     0 | D:1      | Conn the Octopode Fire Elementalist began the quest for the
                  | Orb.
     0 | D:1      | Reached XP level 1. HP: 11/11 MP: 3/3
   196 | D:1      | Reached XP level 2. HP: 17/17 MP: 1/5
   753 | D:1      | Found a faded altar of an unknown god.
   810 | D:1      | Reached XP level 3. HP: 20/21 MP: 2/6
  1019 | D:2      | Learned a level 2 spell: Scorch
  1023 | D:2      | Learned a level 3 spell: Inner Flame
  1066 | D:2      | Identified the +0 robe "Horir" {Dex+4}
  1501 | D:2      | Found Wablesk's Magic Scroll Shoppe.
  1591 | D:3      | Noticed Ijyb
  1628 | D:3      | Slain by Ijyb

Illustrated notes

Levels and vault maps discovered:
D:1:      mainiacjoe_arrival_oval_in_oval, layout_basic,
          hellmonk_ecumenical_altar_zigzags, minivault_27
D:2:      layout_basic, serial_shops, nicolae_shop_just_a_little_nook
D:3:      layout_basic, nicolae_shop_vocational, uniq_ijyb

Skill      XL: |  1  2 |
---------------+-------+-----
Stealth        | 3 |  3.4
Dodging        | |  2.4
Spellcasting   | |  2.3
Conjurations   | |  1.7
Fire Magic     | |  3.3

Action                     || total
---------------------------++-------
  Melee: Short sword       ||    37
         Constrict         ||     2
         Tentacles         ||     1
   Cast: Foxfire           ||    58
         Scorch            ||     2
    Use: Scroll            ||     2
         Potion            ||     2
   Stab: Sleeping          ||     4
 Armour: Skin              ||    35
  Dodge: Dodged            ||    13

Table legend: (Time is in decaauts)
 A = Elapsed time spent in this place.
 B = Non-inter-level travel time spent in this place.
 C = Inter-level travel time spent in this place.
 D = Time resting spent in this place.
 E = Time spent auto-exploring this place.
 F = Levels seen in this place.
 G = Mean time per level.
                   A        B        C        D        E       F      G
               +--------+--------+--------+--------+--------+-----+--------+
         Total |   1627 |   1601 |     26 |      0 |   1099 |   3 |  542.3 |
       Dungeon |   1627 |   1601 |     26 |      0 |   1099 |   3 |  542.3 |
               +--------+--------+--------+--------+--------+-----+--------+

Top non-repeatable levels by time:
     D:1: 1014 daAuts
     D:2: 545 daAuts
     D:3: 66 daAuts
